 Dungeon Crawl Stone Soup version 0.29-a0-206-g4a66f2e2b5 (webtiles) character file.

Game seed: 521215688366949905

17 esteth the Shooter (level 2, -1/19 HPs)
             Began as an Octopode Hunter on Feb 23, 2022.
             Slain by a hobgoblin (2 damage)
             ... on level 1 of the Dungeon.
             The game lasted 00:00:37 (159 turns).

esteth the Shooter (Octopode Hunter)                 Turns: 159, Time: 00:00:38

Health: -1/19      AC:  1    Str: 11    XL:     2   Next: 62%
Magic:  2/2        EV: 13    Int: 11    God:
Gold:   14         SH:  0    Dex: 12    Spells: 1/1 levels left

rFire   . . .      SeeInvis .   a - +1 shortbow
rCold   . . .      Faith    .   (shield currently unavailable)
rNeg    . . .      Spirit   .   (helmet restricted)
rPois   .          Reflect  .   (no amulet)
rElec   .          Harm     .   (no ring)
rCorr   .          Rampage  .   (no ring)
Will    .....      Rnd*Tele +   (no ring)
Stlth   +++.......              (no ring)
HPRegen 0.06/turn               (no ring)
MPRegen 0.08/turn               (no ring)
                                (no ring)
                                (no ring)

@: no status effects
A: almost no armour, amphibious, 8 rings, camouflage 1, gelatinous body 1,
(nimble swimmer 1), tentacles, dopey 1, teleportitis 1, evolution 1
a: no special abilities


You were on level 1 of the Dungeon.
You visited 1 branch of the dungeon, and saw 1 of its levels.

You collected 14 gold pieces.


Innate Abilities, Weirdness & Mutations

You cannot wear most types of armour.
You are amphibious.
You can wear up to eight rings at the same time.
Your skin changes colour to match your surroundings (Stealth+).
Your rubbery body absorbs attacks. (AC +1, EV +1)
((You are camouflaged when in or above water. (Stealth+)))
You have tentacles for arms and can constrict up to eight enemies at once.
You are dopey. (Int -2)
You are occasionally teleported next to monsters.
You have hidden genetic potential.


   Skills:
 - Level 2.0 Fighting
 + Level 4.7 Bows
 - Level 2.0 Dodging
 - Level 1.3 Stealth


You had one spell level left.
You didn't know any spells.
Your spell library was empty.

Inventory:

Hand Weapons
 a - a +1 shortbow (weapon)
Scrolls
 b - a scroll of enchant armour {unknown}

Dungeon Overview and Level Annotations

Branches:
Dungeon (1/15)

Altars:

### ### #.############## ..#
#............... #.#
#.############## #.# #.# #.# #.#
###########.# #.# ##########
.........##.######.#####.........
.>.............g@........########
#.###.##.##....###.####..##...#
... #.##....# #.# #..##...# #.#.
#†##....# #.# #..##...# #.#.
#.##.#### #.# ##.##...## # #.
#.##.# #.# #.......# #. ...†.#
#.# ##.####.# ## #.####
#.######..###.# ..........##.#


You could see a hobgoblin.


Message History

An endoplasm comes into view.
You shoot an arrow. The arrow hits the endoplasm.
The endoplasm quivers.
You shoot an arrow. The arrow hits the endoplasm.
You kill the endoplasm!
No target in view!
c - a glowing puce potion You open the door.
There is an open door here.
As you open the door, it creaks loudly!
An endoplasm comes into view.
You shoot an arrow. The arrow hits the endoplasm!
You kill the endoplasm!
No target in view!
No target in view!
A jackal comes into view.
You shoot an arrow. The arrow hits the jackal!
You kill the jackal!
No target in view!
No target in view!
A jackal comes into view.
You shoot an arrow. The arrow hits the jackal.
You shoot an arrow. The arrow hits the jackal.
You kill the jackal!
You have reached level 2! 😎 HP[+5] MP[+1]
You now have 19 max hp (+5).
Your hp is fully restored (19).
Your mp is fully restored (2).
Found a stone staircase leading down.
A hobgoblin and a gnoll come into view.
You shoot an arrow. The arrow hits the gnoll.
You shoot an arrow. The arrow barely misses the gnoll.
You shoot an arrow. The arrow hits the gnoll.
The hobgoblin shouts!
You shoot an arrow. The arrow closely misses the gnoll.
The gnoll closely misses you. The gnoll misses you.
You shoot an arrow.
The arrow hits the gnoll but does no damage.
The gnoll barely misses you.
You shoot an arrow.
The arrow hits the gnoll but does no damage.
The gnoll hits you with a +0 flail!
Ouch! That really hurt!
* * * LOW HITPOINT WARNING * * *
😨 HP[-12]
You take 12 damage, and now have 7/19 hp.
MASSIVE DAMAGE!! (PAUSE) Shoot: a) +1 shortbow
Press: ? - help, Q - select action Shift-Dir - straight line, f/p - gnoll
Aim: a gnoll, wielding a +0 flail (moderately wounded, 65% to hit)
You shoot an arrow. The arrow hits the gnoll!
The gnoll barely misses you. The gnoll completely misses you.
Shoot: a) +1 shortbow
Press: ? - help, Q - select action Shift-Dir - straight line, f/p - gnoll
Aim: a gnoll, wielding a +0 flail (severely wounded, 65% to hit)
You shoot an arrow. The arrow hits the gnoll!
You kill the gnoll!
The hobgoblin closely misses you.
Shoot: a) +1 shortbow
Press: ? - help, Q - select action Shift-Dir - straight line, f - hobgoblin
Aim: a hobgoblin (62% to hit)
You shoot an arrow.
The arrow hits the hobgoblin but does no damage.
The hobgoblin closely misses you. 😨 HP[+1] Shoot: a) +1 shortbow
Press: ? - help, Q - select action Shift-Dir - straight line, f/p - hobgoblin
Aim: a hobgoblin (62% to hit)
You shoot an arrow. The arrow closely misses the hobgoblin.
The hobgoblin hits you.
* * * LOW HITPOINT WARNING * * *
😱 HP[-4]
You take 4 damage, and now have 4/19 hp.
MASSIVE DAMAGE!! (PAUSE) Shoot: a) +1 shortbow
Press: ? - help, Q - select action Shift-Dir - straight line, f/p - hobgoblin
Aim: a hobgoblin (62% to hit)
You shoot an arrow.
The arrow hits the hobgoblin but does no damage.
The hobgoblin barely misses you.
It was a potion of mutation.
You feel extremely strange.
You feel stupid.
You feel weirdly uncertain.
You feel a hidden potential growing inside you.
The hobgoblin barely misses you.
Shoot: a) +1 shortbow
Press: ? - help, Q - select action Shift-Dir - straight line, f/p - hobgoblin
Aim: a hobgoblin (62% to hit)
You shoot an arrow.
The arrow hits the hobgoblin but does no damage.
The hobgoblin hits you.
* * * LOW HITPOINT WARNING * * *
The hobgoblin closely misses you. 😱 HP[-3]
You take 3 damage, and now have 1/19 hp.
Shoot: a) +1 shortbow
Press: ? - help, Q - select action Shift-Dir - straight line, f/p - hobgoblin
Aim: a hobgoblin (62% to hit)
You shoot an arrow. The arrow hits the hobgoblin.
The hobgoblin hits you.
You die...

Action                   || total
-------------------------++-------
 Fire: Shortbow          ||    23
  Use: Potion            ||     1
Dodge: Dodged            ||    10

Levels and vault maps discovered:
D:1:      eino_arrival_water_star, layout_basic, basic_ecumenical_altar

Notes
Turn   | Place    | Note
-------+----------+-------------------------------------------
     0 | D:1      | esteth the Octopode Hunter began the quest for the Orb.
     0 | D:1      | Reached XP level 1. HP: 14/14 MP: 1/1
     0 | D:1      | magus.rc [v1.11.3]
   133 | D:1      | Reached XP level 2. HP: 19/19 MP: 2/2
   155 | D:1      | HP: 4/19 [hobgoblin (4)]
   157 | D:1      | Gained mutation: You are dopey. (Int -2) [potion of
                  | mutation]
   157 | D:1      | Gained mutation: You are occasionally teleported next to
                  | monsters. [potion of mutation]
   157 | D:1      | Gained mutation: You have hidden genetic potential. [potion
                  | of mutation]
   158 | D:1      | HP: 1/19 [hobgoblin (3)]
   159 | D:1      | Slain by a hobgoblin

Vanquished Creatures
  A gnoll (D:1)
  2 endoplasms (D:1)
  2 jackals (D:1)
  A quokka (D:1)
6 creatures vanquished.

Table legend:
 A = Non-vault XP
 B = Vault XP
 C = Vault XP percentage of total XP
 D = Non-vault monster count
 E = Vault monster count
 F = Vault count percentage of total count
                 A         B        C        D         E       F
            +---------+---------+-------+---------+---------+-------
      Total |      25 |       0 |   0.0 |       6 |       0 |   0.0
            +---------+---------+-------+---------+---------+-------
        D:1 |      25 |       0 |   0.0 |       6 |       0 |   0.0
            +---------+---------+-------+---------+---------+-------

Illustrated notes

Table legend:
 A = Kills in this place as a percentage of kills in entire the game.
 B = Kills by you in this place as a percentage of kills by you in the entire game.
 C = Kills by friends in this place as a percentage of kills by friends in the entire game.
 D = Other kills in this place as a percentage of other kills in the entire game.
 E = Experience gained in this place as a percentage of experience gained in the entire game.
 F = Experience gained in this place divided by the number of levels of this place that you have seen.
                   A       B       C       D       E      F
               +-------+-------+-------+-------+-------+----------------------
         Total | 100.0 | 100.0 |   N/A |   N/A | 100.0 |  25.0
       Dungeon | 100.0 | 100.0 |   N/A |   N/A | 100.0 |  25.0
               +-------+-------+-------+-------+-------+----------------------

Table legend: (Time is in decaauts)
 A = Elapsed time spent in this place.
 B = Non-inter-level travel time spent in this place.
 C = Inter-level travel time spent in this place.
 D = Time resting spent in this place.
 E = Time spent auto-exploring this place.
 F = Levels seen in this place.
 G = Mean time per level.
                   A        B        C        D        E       F      G
               +--------+--------+--------+--------+--------+-----+--------+
         Total |    165 |    165 |      0 |      0 |    115 |   1 |  165.0 |
       Dungeon |    165 |    165 |      0 |      0 |    115 |   1 |  165.0 |
               +--------+--------+--------+--------+--------+-----+--------+

Top non-repeatable levels by time:
     D:1: 165 daAuts
